Map: Ever Dream LE

Players

GoodZilla - Winner!

  • Race: Terran Terran
  • Spawn Location: 7:00

MacroMan

  • Race: Protoss Protoss
  • League: Diamond
  • Spawn Location: 1:00

VOD

Have the link to the VOD?

Description

Time

  • Played on: March 26, 2020, 10:14 p.m.
  • Length: 10:51
Show
View Real Time Build Order
Export as new Build Order

GoodZilla Terran - Winner!

Build Orders: 2 Factory, Reaper Expand 

Get SALT Encoding   

  12  0:01  SCV  
  13  0:14  SCV  
  14  0:17  Supply Depot  
  14  0:26  SCV  
  15  0:38  SCV  
  15  0:39  Barracks  
  16  0:45  Refinery  
  16  0:50  SCV  
  17  1:02  SCV  
  18  1:15  SCV  
  19  1:30  Reaper, Orbital Command  
  20  1:43  Refinery  
  20  1:50  Command Center  
  20  2:01  Supply Depot  
  20  2:06  SCV  
  21  2:14  Factory  
  21  2:17  Barracks Tech Lab  
  21  2:21  SCV  
  22  2:33  SCV  
  23  2:45  SCV  
  24  2:57  SCV  
  25  3:03  Orbital Command  
  25  3:06  Cyclone  
  25  3:07  Mag-Field Accelerator  
  25  3:09  SCV  
  29  3:18  Factory  
  29  3:21  SCV  
  30  3:30  Barracks Tech Lab  
  30  3:33  SCV  
  30  3:34  SCV  
  32  3:36  Refinery  
  32  3:38  Cyclone  
  35  3:45  SCV  
  35  3:46  SCV  
  36  3:52  Supply Depot  
  36  3:57  SCV  
  36  3:58  SCV  
  39  4:10  SCV x2  
  40  4:18  Cyclone x2  
  40  4:22  SCV x2  
  48  4:28  Supply Depot  
  48  4:30  Factory  
  48  4:34  SCV x2, Refinery  
  48  4:36  Engineering Bay  
  50  4:42  Barracks Tech Lab  
  50  4:46  SCV x2  
  50  4:51  Supply Depot  
  52  4:58  SCV x2  
  52  4:59  Cyclone  
  60  5:00  Cyclone  
  60  5:10  SCV x2  
  60  5:13  Supply Depot  
  62  5:19  Supply Depot  
  62  5:22  SCV x2  
  62  5:26  Missile Turret  
  62  5:28  Cyclone  
  64  5:31  Cyclone  
  64  5:34  SCV  
  64  5:35  SCV  
  69  5:38  Cyclone  
  72  5:46  SCV  
  73  5:58  Barracks Tech Lab  
  73  5:59  Command Center  
  73  6:00  Cyclone  
  73  6:02  Factory  
  76  6:05  Cyclone  
  76  6:08  SCV x2  
  81  6:20  Cyclone  
  84  6:27  SCV  
  84  6:28  Refinery  
  84  6:31  Refinery  
  82  6:35  Cyclone  
  82  6:36  SCV  
  82  6:37  Cyclone  
  86  6:44  Missile Turret  
  86  6:52  SCV  
  84  7:10  Cyclone x3  
  93  7:31  Barracks Tech Lab  
  93  7:35  Command Center  
  93  7:38  Factory  
  93  7:39  SCV  
  93  7:40  SCV, Orbital Command  
  93  7:42  Cyclone x2  
  101  7:50  Supply Depot x3  
  101  8:05  Cyclone  
  101  8:07  Cyclone  
  101  8:14  Cyclone  
  101  8:17  Cyclone  
  98  8:37  Cyclone  
  98  8:39  Cyclone  
  104  8:46  Cyclone  
  101  8:50  SCV x3, Cyclone  
  104  9:09  Cyclone  
  107  9:11  Cyclone  
  110  9:18  Cyclone  
  110  9:20  Planetary Fortress, SCV x2  
  110  9:22  Cyclone  
  118  9:24  Refinery  
  118  9:28  Factory  
  118  9:29  Factory  
  118  9:30  SCV  
  119  9:32  SCV x2  
  121  9:42  SCV  
  121  9:44  Barracks Reactor, SCV  
  121  9:45  Sensor Tower  
  123  9:50  Cyclone  
  126  9:53  Cyclone  
  126  9:56  Cyclone x2  
  126  9:58  Supply Depot  
  126  9:59  Supply Depot x2  
  135  10:00  Supply Depot x2  
  135  10:01  Armory  
  126  10:25  Widow Mine  
  137  10:29  Supply Depot  
Show
View Real Time Build Order
Export as new Build Order

MacroMan Protoss 

Build Orders: 1 Gate Expand, Blink Stalkers, Chargelot Immortal 

Get SALT Encoding   

  12  0:01  Probe  
  13  0:13  Probe  
  14  0:18  Pylon  
  14  0:25  Probe (Chrono Boost)  
  15  0:38  Probe (Chrono Boost)  
  15  0:40  Gateway  
  16  0:44  Probe (Chrono Boost)  
  16  0:49  Assimilator  
  17  0:52  Probe  
  18  1:04  Probe  
  19  1:23  Nexus  
  19  1:34  Cybernetics Core  
  19  1:40  Probe  
  20  1:50  Assimilator  
  20  1:52  Probe  
  21  1:57  Pylon  
  21  2:05  Probe  
  22  2:12  Stalker (Chrono Boost), Warp Gate  
  24  2:17  Probe (Chrono Boost)  
  25  2:29  Probe (Chrono Boost)  
  26  2:34  Probe (Chrono Boost)  
  26  2:46  Probe  
  26  2:50  Twilight Council  
  27  2:53  Stalker  
  27  2:55  Probe  
  30  2:58  Probe  
  31  3:07  Probe  
  31  3:10  Probe  
  34  3:20  Probe  
  34  3:23  Probe, Blink (Chrono Boost)  
  34  3:26  Gateway  
  35  3:27  Gateway  
  35  3:39  Probe  
  38  3:49  Probe (Chrono Boost)  
  38  3:51  Probe (Chrono Boost)  
  38  4:01  Probe (Chrono Boost)  
  38  4:02  Probe (Chrono Boost)  
  40  4:08  Pylon  
  38  4:10  Stalker  
  38  4:14  Probe  
  38  4:15  Probe  
  42  4:20  Assimilator  
  42  4:26  Probe  
  42  4:27  Probe  
  44  4:31  Robotics Facility  
  44  4:33  Stalker x2  
  44  4:37  Pylon  
  44  4:38  Probe  
  49  4:39  Probe  
  49  4:40  Stalker  
  49  4:45  Pylon  
  52  4:50  Probe  
  52  4:51  Probe  
  54  5:02  Probe  
  54  5:03  Probe  
  54  5:05  Assimilator  
  56  5:07  Stalker  
  56  5:08  Stalker, Charge (Chrono Boost)  
  60  5:14  Probe  
  60  5:15  Probe  
  62  5:24  Observer  
  62  5:26  Probe  
  62  5:27  Probe, Nexus  
  62  5:28  Pylon  
  65  5:32  Gateway  
  65  5:36  Gateway  
  65  5:38  Probe, Gateway  
  65  5:39  Probe  
  65  5:40  Pylon  
  67  5:52  Immortal (Chrono Boost)  
  67  5:53  Zealot x2  
  75  6:01  Pylon  
  75  6:03  Probe x2  
  77  6:15  Probe x2  
  79  6:22  Forge  
  79  6:25  Immortal (Chrono Boost)  
  79  6:27  Probe x2  
  83  6:36  Zealot  
  83  6:37  Zealot x2  
  83  6:39  Probe  
  90  6:41  Sentry  
  90  6:42  Pylon  
  90  6:44  Pylon  
  90  6:45  Stalker x2  
  87  7:03  Immortal (Chrono Boost), Zealot  
  87  7:04  Zealot  
  89  7:15  Zealot x3  
  90  7:23  Probe x3  
  93  7:32  Protoss Ground Armor Level 1 (Chrono Boost)  
  93  7:35  Probe x3, Photon Cannon  
  96  7:37  Pylon  
  96  7:38  Forge  
  95  7:46  Zealot x3  
  95  7:47  Probe x3, Zealot x3  
  110  7:52  Assimilator  
  110  7:56  Pylon  
  110  7:59  Probe x2  
  110  8:00  Probe  
  105  8:11  Probe  
  105  8:12  Probe  
  101  8:17  Immortal (Chrono Boost), Zealot x4  
  103  8:27  Zealot x2  
  94  8:40  Zealot x4  
  94  8:52  Probe x2  
  94  8:55  Photon Cannon  
  96  8:56  Assimilator, Zealot x2  
  100  9:08  Probe  
  101  9:14  Zealot x3  
  101  9:15  Stalker  
  101  9:19  Stalker  
  101  9:20  Stalker  
  101  9:21  Probe x2  
  101  9:23  Immortal (Chrono Boost)  
  107  9:28  Photon Cannon  
  107  9:29  Probe  
  112  9:31  Photon Cannon  
  112  9:33  Probe x2  
  112  9:35  Pylon  
  112  9:36  Zealot x3, Pylon  
  120  9:38  Pylon  
  120  9:47  Templar Archives  
  120  9:49  Photon Cannon  
  120  9:51  Photon Cannon  
  120  9:52  Photon Cannon  
  120  9:53  Shield Battery  
  120  9:57  Stalker x3  
  126  10:01  Photon Cannon  
  126  10:19  Nexus  
  126  10:20  Pylon  
  126  10:21  Pylon  
  112  10:23  Zealot x4  
  112  10:24  Zealot  
  94  10:40  Zealot  
  94  10:47  Zealot x3  
Tags
 
Add a new tag
Caveats
  • Supply blocks, unpowered buildings, or Contaminate may cause inaccurate times.
  • Supply counts are checked every 10 seconds.